 Dungeon Crawl Stone Soup version 0.30-a0-359-gd0147acb1a (webtiles) character file.

Game seed: 8198453990736083191

2697 experimilk the Destroyer (level 9, 0/62 HPs)
             Began as a Pale Draconian Conjurer on Nov 12, 2022.
             Was a Follower of Sif Muna.
             Shot with a bolt by an orc warrior (7 damage)
             ... in a bailey.
             The game lasted 00:22:31 (10316 turns).

experimilk the Destroyer (Pale Draconian Conjurer) Turns: 10316, Time: 00:22:32

Health: 0/62       AC: 12    Str: 16    XL:     9   Next: 38%
Magic:  9/14       EV: 12    Int: 22    God:    Sif Muna [*.....]
Gold:   324        SH:  0    Dex: 10    Spells: 5/15 levels left

rFire   + . .      SeeInvis .    y - +2 demon blade (freeze)
rCold   . . .      Faith    .    (no shield)
rNeg    . . .      Spirit   .    (body armour unavailable)
rPois   .          Reflect  .    (helmet restricted)
rElec   .          Harm     .    c - +2 cloak
rCorr   .          Rampage  .    a - +0 pair of gloves
Will    .....                    o - +0 pair of boots
Stlth   ++........               (no amulet)
HPRegen 0.30/turn                f - ring of protection from fire
MPRegen 0.14/turn                b - +6 ring of strength

@: no status effects
A: breathe steam, AC +7, unfitting armour, cold-blooded, steam resistance
a: Breathe Steam, Renounce Religion, Channel Magic


You were in a bailey.
You worshipped Sif Muna.
Sif Muna was aware of your devotion.
You visited 2 branches of the dungeon, and saw 8 of its levels.
You also visited: Bailey.

You collected 324 gold pieces.

Inventory:

Hand Weapons
 j - a +1 rapier of speed
 y - a +2 demon blade of freezing (weapon)
Missiles
 k - a throwing net
Armour
 a - a +0 pair of gloves (worn)
 c - a +2 cloak (worn)
 o - a +0 pair of boots (worn)
Jewellery
 b - a +6 ring of strength (right hand)
 f - a ring of protection from fire (left hand)
 w - a ring of ice
Wands
 v - a wand of acid (16)
Scrolls
 h - a scroll of amnesia {unknown}
 m - a scroll of noise {unknown}
 n - a scroll of fog {unknown}
 q - a scroll of poison {unknown}
 u - 3 scrolls of teleportation
Potions
 d - 3 potions of resistance
 e - 3 potions of heal wounds
 g - 2 potions of flight
 i - 2 potions of degeneration {unknown}
 l - a potion of lignification {unknown}
 r - a potion of brilliance {unknown}
 x - a potion of mutation {unknown}
 A - 2 potions of might {unknown}


   Skills:
 - Level 2.0 Dodging
 - Level 1.7 Stealth
 + Level 3.5 Spellcasting
 * Level 12.8 Conjurations
 + Level 1.3 Hexes


You had 5 spell levels left.
You knew the following spells:

 Your Spells              Type           Power      Damage    Failure   Level
a - Magic Dart            Conj           100%       1d8       1%          1
c - Iskenderun's Mystic   Conj/Tloc      32%        2d8       9%          4
x - Dazzling Flash        Conj/Hex       70%        N/A       1%          3
z - Searing Ray           Conj           100%       2d8       1%          2

Your spell library contained the following spells:

 Spells                   Type           Power      Damage    Failure   Level
 Fulminant Prism          Conj/Hex       17%        3d11      6%          4
 Ozocubu's Armour         Ice            3%         N/A       34%         3
 Silence                  Hex/Air        3%         N/A       94%         5
 Agony                    Necr           3%         N/A       97%         5
 Ozocubu's Refrigeration  Ice            1%         4d7       100%        7


Dungeon Overview and Level Annotations

Branches:
Dungeon (7/15)             Temple (1/1) D:5          Bailey (1/1)

Altars:
Ashenzari
Cheibriados
Dithmenos
Elyvilon
Fedhas
Gozag
Makhleb
Nemelex Xobeh
Okawaru
Qazlal
Ru
Sif Muna
Uskayaw
Vehumet
Wu Jian
Xom
Yredelemnul
Zin
The Shining One

Shops:
D:2 (   D:5 =

Annotations:
D:6 1 runed translucent door, Crazy Yiuf


Innate Abilities, Weirdness & Mutations

You can breathe blasts of scalding, opaque steam.
Your pale cyan-grey scales are hard. (AC +7)
You cannot fit into any form of body armour.
You are cold-blooded and may be slowed by cold attacks.
You are immune to the effects of steam.


Message History

Confirm with . or Enter, or press ? or * to list all spells.
Okay, then.
Aiming: Breathe Steam (1% risk of failure)
Press: ? - help, Shift-Dir - straight line, f - orc warrior
Aim: an orc warrior, wielding a +0 arbalest and wearing a +0 ring mail (64% to hit)
You exhale a blast of scalding steam.
Unknown command.
The orc warrior is engulfed in a cloud of scalding steam.
The orc warrior shoots a bolt.
The bolt misses you.
The magic dart hits the orc warrior but does no damage.
The orc warrior is heavily wounded.
The orc warrior shoots a bolt.
The bolt barely misses you.
The orc warrior is engulfed in a cloud of scalding steam.
The orc warrior shoots a bolt.
The bolt hits you!
The orc is engulfed in a cloud of scalding steam.
You kill the orc!
Sif Muna accepts your kill.
Casting: Magic Dart (safe; 1% risk of failure)
Confirm with . or Enter, or press ? or * to list all spells.
Aiming: Searing Ray (safe; 1% risk of failure)
Press: ? - help, Shift-Dir - straight line, f/p - orc warrior
Aim: an orc warrior, wielding a +0 arbalest and wearing a +0 ring mail (steam, heavily wounded, 79% to hit)
The searing ray hits the orc warrior.
The orc warrior is severely wounded. (Press . to maintain the ray.)
The orc warrior shoots a bolt.
The bolt hits you!
* * * LOW HITPOINT WARNING * * *
The orc warrior is engulfed in a cloud of scalding steam.
The orc warrior shoots a bolt.
The bolt barely misses you.
The searing ray misses the orc warrior.
The orc warrior shoots a bolt.
The bolt barely misses you.
The orc warrior shoots a bolt.
The bolt hits you.
* * * LOW HITPOINT WARNING * * *
The searing ray hits the orc warrior.
The orc warrior is almost dead.
You have got your breath back.
The orc is engulfed in a cloud of scalding steam.
You kill the orc!
Sif Muna accepts your kill.
The orc warrior shoots a bolt.
The bolt hits you!
You die...

#............
#............
#............
#............
#............
#.......§.§..
#.......o....
#.....§≈§§≈≈≈
#....@≈≈#.##≈
#.....≈##.∩#
#.....≈#...o...
#.....≈##.##≈..
#.....≈≈###≈≈..
#......≈≈≈≈≈...
#.......o......
#..............
#.∩............


You could see 2 orc warriors.

Vanquished Creatures
  An unseen horror (D:6)
  Sigmund (D:5)
  A shadow (D:6)
  Eustachio (D:5)
  2 vampire mosquitoes (D:6)
  A steam dragon (D:6)
  A water moccasin (D:7)
  A sky beast (D:7)
  3 black bears
  Blork the orc (D:4)
  A bullfrog (D:6)
  A kobold brigand (D:7)
  A gnoll sergeant (D:6)
  2 scorpions
  2 jellies
  A gnoll bouda (D:4)
  2 orc priests
  4 hounds
  4 iguanas
  3 orc wizards
  8 gnolls
  13 adders
  A shadow imp (D:7)
  A white imp (D:6)
  2 worms
  4 dart slugs
  28 orcs
  7 ball pythons
  5 endoplasms
  4 giant cockroaches
  7 hobgoblins
  3 jackals (D:1)
  3 quokkas
  5 bats
  5 frilled lizards
  5 goblins
  12 kobolds
  8 rats
155 creatures vanquished.

Notes
Turn   | Place    | Note
-------+----------+-------------------------------------------
     0 | D:1      | experimilk the Draconian Conjurer began the quest for the
                  | Orb.
     0 | D:1      | Reached XP level 1. HP: 14/14 MP: 3/3
   244 | D:1      | Reached XP level 2. HP: 20/20 MP: 3/5
  1035 | D:1      | Reached skill level 5 in Conjurations
  1035 | D:1      | Reached XP level 3. HP: 26/26 MP: 1/6
  1376 | D:2      | Found Unkux's Antique Weapon Boutique.
  1759 | D:2      | Learned a level 2 spell: Searing Ray
  2030 | D:2      | Found a faded altar of an unknown god.
  2585 | D:2      | Reached XP level 4. HP: 33/33 MP: 1/7
  2985 | D:3      | Reached skill level 6 in Conjurations
  3765 | D:3      | Reached XP level 5. HP: 38/38 MP: 4/8
  3945 | D:3      | Learned a level 4 spell: Iskenderun's Mystic Blast
  3951 | D:4      | Noticed Blork the orc
  3959 | D:4      | Killed Blork the orc
  4107 | D:4      | Reached skill level 7 in Conjurations
  4281 | D:4      | Found an ornate altar of the Wu Jian Council.
  4343 | D:4      | Reached XP level 6. HP: 25/45 MP: 0/9
  5401 | D:4      | Identified the +2 leather armour of the Wicked God {rPois
                  | rN+ Int-4}
  5482 | D:4      | Found a shadowy altar of Dithmenos.
  5494 | D:4      | Reached skill level 8 in Conjurations
  5665 | D:5      | Entered Level 5 of the Dungeon
  5665 | D:5      | Found Pecova's Jewellery Shoppe.
  6192 | D:5      | Noticed Eustachio
  6252 | D:5      | Your scales start taking on a pale cyan-grey colour.
  6252 | D:5      | Reached XP level 7. HP: 40/50 MP: 2/10
  6252 | D:5      | Gained mutation: You are immune to the effects of steam.
                  | [Pale Draconian growth]
  6357 | D:5      | Found a staircase to the Ecumenical Temple.
  6366 | Temple   | Entered the Ecumenical Temple
  6560 | Temple   | Became a worshipper of Sif Muna the Loreminder
  6699 | D:5      | Killed Eustachio
  6700 | D:5      | Reached skill level 9 in Conjurations
  6832 | D:5      | Noticed Sigmund
  6846 | D:5      | Killed Sigmund
  7205 | D:6      | Reached skill level 10 in Conjurations
  7386 | D:6      | Noticed a vampire mosquito
  7386 | D:6      | Noticed a vampire mosquito
  7400 | D:6      | Killed a vampire mosquito
  7401 | D:6      | Reached XP level 8. HP: 52/57 MP: 0/11
  7894 | D:6      | Reached skill level 11 in Conjurations
  8672 | D:6      | Found a runed translucent door.
  8673 | D:6      | Noticed Crazy Yiuf
  8873 | D:6      | Reached skill level 12 in Conjurations
  9498 | D:6      | Reached XP level 9. HP: 62/62 MP: 7/12
  9692 | D:6      | Killed an unseen horror
  9958 | D:6      | Learned a level 3 spell: Dazzling Flash
 10073 | D:7      | Reached * piety under Sif Muna
 10128 | D:7      | Reached skill level 1 in Hexes
 10253 | D:7      | Found a flagged portal.
 10293 | Bailey   | Entered a bailey
 10316 | Bailey   | Shot with a bolt by an orc warrior

Illustrated notes

Levels and vault maps discovered:
D:1:      lightli_molten_gateway, layout_basic
D:2:      layout_basic, shapermc_ecumenical_altar_mp_highgroup, serial_shops,
          nicolae_shop_waterfront, minmay_misc_feat_x, minmay_pentomino_w4
D:3:      layout_basic, grunt_ministairs_15, minmay_checkerbox
D:4:      layout_gridville, kennysheep_mini_moat, lemuel_crystal_altar,
          uniq_blork_the_orc
D:5:      layout_basic, minmay_temple_entry_statues_pillars, serial_shops,
          nicolae_stop_n_shop_2, uniq_sigmund, uniq_eustachio
D:6:      minmay_opposing_rooms, layout_loops_ring, uniq_crazy_yiuf_cottage
D:7:      layout_basic, trog_three_pillars_becter, enter_bailey_8, uniq_joseph
Temple:   nicolae_temple_bog_church
Bailey:   bailey_polearm_2, bailey

Skill      XL: |  1  2  3  4  5  6  7  8  9 |
---------------+----------------------------+-----
Conjurations   | 5 6 7 8 10 12 | 12.8
Dodging        | 2 |  2.0
Spellcasting   | 3 |  3.5
Hexes          | 1 |  1.3
Stealth        | |  1.7

Action                   |  1- 3 |  4- 6 |  7- 9 || total
-------------------------+-------+-------+-------++-------
Melee: Unarmed           |     5 |       |       ||     5
       Short sword       |    12 |       |       ||    12
       Tailslap          |     5 |     3 |     2 ||    10
       Dagger            |     6 |     4 |       ||    10
       Rapier            |       |    16 |       ||    16
       Demon blade       |       |       |    28 ||    28
 Cast: Magic Dart        |    64 |   102 |    43 ||   209
       Searing Ray       |     5 |    18 |    37 ||    60
       Iskenderun's Myst |       |       |     7 ||     7
 Abil: Breathe Steam     |       |       |     8 ||     8
Evoke: Wand              |       |       |     4 ||     4
  Use: Scroll            |       |     3 |     8 ||    11
       Potion            |       |     1 |     5 ||     6
Armor: Skin              |    13 |    20 |    66 ||    99
Dodge: Dodged            |    18 |    28 |    32 ||    78

Table legend: (Time is in decaauts)
 A = Elapsed time spent in this place.
 B = Non-inter-level travel time spent in this place.
 C = Inter-level travel time spent in this place.
 D = Time resting spent in this place.
 E = Time spent auto-exploring this place.
 F = Levels seen in this place.
 G = Mean time per level.
                   A        B        C        D        E       F      G
               +--------+--------+--------+--------+--------+-----+--------+
         Total |  10333 |   9913 |    420 |   3066 |   5365 |   9 | 1148.1 |
       Dungeon |  10087 |   9684 |    403 |   3066 |   5197 |   7 | 1441.0 |
        Temple |    223 |    206 |     17 |      0 |    168 |   1 |  223.0 |
        Bailey |     22 |     22 |      0 |      0 |      0 |   1 |   22.0 |
               +--------+--------+--------+--------+--------+-----+--------+

Top non-repeatable levels by time:
     D:6: 2567 daAuts
     D:5: 1551 daAuts
     D:4: 1441 daAuts
     D:2: 1426 daAuts
     D:3: 1418 daAuts
     D:1: 1373 daAuts
     D:7: 307 daAuts
  Temple: 223 daAuts
  Bailey: 22 daAuts
